AoeStats
← AriseFairTurtle

MegaRandom

510221316Analyzed
3v3 RM · 3d ago on Sep 30, 2026· 57m 12s· 6 players
Game mode
Random Map
Map size
Normal (6 player)
Population
200
Speed
Normal
Resources
Standard
Victory
Conquest
Starting age
Dark Age
Ending age
Imperial Age
RankedLock teamsTeams togetherTeam positionsShared explorationLock speedFull tech treeHidden civsTurbo modeCheats
Victory
Defeat
🇦🇺 Spanish · Australia
719
+19
🇨🇴 Teutons · Colombia
701
+20
🇧🇷 Huns · Brazil
655
+21
🇺🇸 Poles · United States
815
-28
🇺🇸 Maya · United States
799
-58
🇺🇸 Celts · United States
741
-44
fat sandwiches
11:25 Feudal Age
18:20 Castle Age
17:39 Double-Bit Axe
17:37 Horse Collar
19:37 Medium Warships
26:37 Murder Holes
26:56 Masonry
28:29 Bow Saw
28:57 Heavy Plow
31:18 Gold Mining
31:32 Gold Mining
31:38 Stone Mining
34:39 Imperial Age
33:08 Wheelbarrow
32:19 Town Watch
34:15 Fletching
34:37 Siphons
34:54 Ballistics
37:28 Elite Conquistador
38:54 Heavy Warships
42:24 Conscription
44:09 Thumb Ring
44:43 Hoardings
47:27 Husbandry
47:37 Bloodlines
47:28 Cavalier
49:44 Chemistry
53:31 Paladin
sublimingleek
15:44 Feudal Age
16:10 Double-Bit Axe
21:23 Wheelbarrow
24:38 Castle Age
23:32 Fishing Lines
26:17 Gillnets
27:06 Hand Cart
28:08 Bow Saw
29:10 Stone Mining
39:01 Imperial Age
37:49 Man-at-Arms
38:38 Scale Mail Armor
38:48 Forging
38:36 Long Swordsman
39:39 Chain Mail Armor
40:15 Conscription
40:45 Iron Casting
39:37 Capped Ram
39:42 Two-Handed Swordsman
42:06 Horse Collar
42:45 Champion
44:34 Blast Furnace
45:16 Pikeman
46:35 Plate Mail Armor
45:51 Halberdier
48:02 Ballistics
49:16 Squires
53:09 Medium Warships
54:22 Heavy Warships
54:15 Clinker Construction
54:19 Careening
55:11 Chemistry
Æthelred
11:13 Feudal Age
11:44 Double-Bit Axe
11:40 Horse Collar
21:34 Castle Age
19:54 Stone Mining
24:15 Gold Mining
28:54 Bloodlines
28:45 Husbandry
29:00 Scale Barding Armor
31:21 Marauders
34:09 Imperial Age
32:04 Chain Barding Armor
34:38 Gold Shaft Mining
34:53 Elite Tarkan
35:55 Conscription
36:13 Plate Barding Armor
41:46 Elite Skirmisher
43:38 Cavalier
44:41 Paladin
PedroTheGreat46
9:10 Loom
11:33 Feudal Age
12:00 Double-Bit Axe
11:58 Horse Collar
13:51 Gold Mining
17:03 Castle Age
18:33 Wheelbarrow
21:32 Bow Saw
22:29 Hand Cart
22:18 Heavy Plow
22:11 Stone Mining
23:14 Town Watch
26:55 Stone Shaft Mining
26:28 Fishing Lines
27:47 Forging
27:27 Fletching
27:44 Scale Barding Armor
31:31 Husbandry
31:42 Bloodlines
34:13 Imperial Age
31:38 Pikeman
33:23 Squires
34:05 Iron Casting
33:29 Treadmill Crane
34:23 Cavalier
35:39 Conscription
37:53 Chemistry
37:31 Szlachta Privileges
39:19 Ballistics
41:06 Elite Skirmisher
43:17 Blast Furnace
42:38 Chain Barding Armor
43:14 Lechitic Legacy
48:38 Scale Mail Armor
48:36 Bodkin Arrow
48:42 Padded Archer Armor
55:11 Scale Mail Armor
55:13 Bracer
thernh
4:26 Loom
11:54 Feudal Age
13:09 Double-Bit Axe
17:09 Wheelbarrow
16:20 Town Watch
20:04 Castle Age
18:33 Gold Mining
18:33 Stone Mining
18:30 Horse Collar
18:35 Fishing Lines
21:57 Bow Saw
23:38 Stone Shaft Mining
24:37 Gillnets
28:16 Hand Cart
29:29 Heavy Plow
30:10 Gold Shaft Mining
31:44 Pikeman
33:46 Scale Mail Armor
33:58 Forging
36:49 Ballistics
42:34 Imperial Age
43:01 Halberdier
43:43 Halberdier
45:24 Siege Engineers
46:02 Onager
47:20 Capped Ram
48:19 Siege Ram
53:39 Heavy Scorpion
AriseFairTurtle
10:49 Feudal Age
11:06 Loom
12:47 Wheelbarrow
12:53 Double-Bit Axe
15:18 Horse Collar
24:24 Castle Age
22:47 Padded Archer Armor
22:38 Fletching
22:57 Gold Mining
28:59 Thumb Ring
28:15 Crossbowman
29:13 Leather Archer Armor
28:54 Bodkin Arrow
29:52 Bow Saw
30:44 Hand Cart
33:18 Fishing Lines
33:04 Demolition Ship
41:57 Elite Skirmisher
43:35 Scale Mail Armor
43:46 Forging
46:17 Imperial Age
47:18 Arbalester
49:40 Heavy Scorpion
50:32 Heated Shot
51:03 Ballistics
Connection lost

Rejoining the realm…

Still unreachable

The connection could not be restored.

Session expired

The server has moved on; the page needs a fresh start.